 Dungeon Crawl Stone Soup version 0.18-a0-1471-gbbaf034 (webtiles) character file.

566 Arkorax the Skirmisher (level 7, -7/59 HPs)
             Began as a Formicid Fighter on Mar 2, 2016.
             Was an Initiate of Ashenzari.
             Killed by divine providence
             ... invoked by an orc priest
              (12 damage)
             ... on level 4 of the Dungeon.
             The game lasted 00:05:58 (4092 turns).

Arkorax the Skirmisher (Formicid Fighter)           Turns: 4092, Time: 00:05:58

Health: -7/59      AC:  9    Str: 27    XL:     7   Next: 59%
Magic:  7/7        EV:  8    Int:  7    God:    Ashenzari [......]
Gold:   222        SH: 10    Dex: 11    Spells: 0 memorised, 6 levels left

rFire  . . .     SeeInvis +     m - +0 short sword (elec)
rCold  . . .     Gourm    .     b - +0 scale mail
rNeg   . . .     Faith    .     c - +0 shield
rPois  .         Spirit   .     (helmet unavailable)
rElec  .         Dismiss  .     u - +0 cloak
rCorr  .         Reflect  .     (no gloves)
SustAt .         Harm     .     x - +0 pair of boots
MR     +....                    (no amulet)
Stlth  ..........               (no ring)
                                y - ring of protection from magic

@: mighty, somewhat resistant to hostile enchantments, extremely unstealthy
A: permanent stasis, dig shafts and tunnels, four strong arms, antennae 3
a: Dig, Shaft Self, Curse Item, Renounce Religion


You were on level 4 of the Dungeon.
You worshipped Ashenzari.
Ashenzari was noncommittal.
You were not hungry.

You visited 2 branches of the dungeon, and saw 6 of its levels.

You collected 222 gold pieces.

Inventory:

Hand Weapons
 a - a +0 long sword
 e - a +0 dagger of venom
 m - a +0 short sword of electrocution (weapon)
Armour
 b - a +0 scale mail (worn)
 c - a +0 shield (worn)
 u - a +0 cloak (worn)
 x - a +0 pair of boots (worn)
Jewellery
 y - a ring of protection from magic (left hand)
Wands
 o - a wand of enslavement (10/24)
Scrolls
 g - a scroll of enchant weapon {unknown}
 i - 5 scrolls of identify {unknown}
 j - a scroll of amnesia {unknown}
 k - a scroll of fear {unknown}
 l - 3 scrolls of teleportation {unknown}
 p - 3 scrolls of blinking {unknown}
 q - a scroll of magic mapping {unknown}
 t - a scroll of noise {unknown}
 B - a scroll of recharging {unknown}
 C - a scroll of fog {unknown}
 D - a scroll of remove curse
Potions
 d - a potion of might
 n - a potion of agility {unknown}
 r - a potion of haste {unknown}
 v - a potion of flight {unknown}
 w - a potion of lignification {unknown}
 z - a potion of heal wounds {unknown}
 A - a potion of cancellation {unknown}
Comestibles
 f - 2 bread rations
 h - 4 meat rations
 s - 2 royal jellies


   Skills:
 * Level 6.4 Fighting
 * Level 4.8 Long Blades
 - Level 3.2 Armour
 + Level 5.5 Shields


You had 6 spell levels left.
You didn't know any spells.

Dungeon Overview and Level Annotations

Branches:
Dungeon (5/15)             Temple (1/1) D:4

Altars:
Ashenzari
Elyvilon
Fedhas
Kikubaaqudgha
Nemelex Xobeh
Okawaru
Pakellas
Ru
Sif Muna
Trog
Yredelemnul
Zin
The Shining One

Shops:
D:4 (

Annotations:
D:3 Shredu92's ghost, amateur MfTm


Innate Abilities, Weirdness & Mutations

You are under a permanent stasis effect.
You can dig through walls and to a lower floor.
Your four strong arms can wield two-handed weapons with a shield.
You have a pair of large antennae on your head (SInv).


Message History

You completely miss the orc priest.
The orc priest is heavily wounded.
The orc priest hits you with a trident of flaming.
* * * LOW HITPOINT WARNING * * *
The orc priest burns you.
* * * LOW HITPOINT WARNING * * *
You block the orc's attack.
You closely miss the orc priest.
The orc priest is heavily wounded.
You block the orc priest's attack. You block the orc's attack.
You closely miss the orc priest.
The orc priest is heavily wounded.
The orc priest calls upon Beogh to heal the orc.
The orc's wounds heal themselves!
You barely miss the orc priest.
The orc priest is heavily wounded.
The orc hits you but does no damage.
The orc priest calls down the wrath of Beogh upon you.
Beogh smites you!
You die...

###.#### #.#####......
#.# #.......##'## #.#
#########≈.≈# #.#
#########...# #.##
#.....##._._. #..#
#....)####8## ##.#
#.....# ### ##.###
#.....####.# #..o@#
#..<.......# ##.#o#
#########..# ###.#
###..## #.# ##)#..#.
####.####### #.#.)...
##.##.......######.##.
#[###........#####.###
##.##..####.....##.###
######
#####.#.....#.###.......


You could see an orc priest and an orc.

Vanquished Creatures
  A scorpion (D:4)
  A hound (D:5)
  2 orc priests (D:4)
  3 orc wizards (D:4)
  An iguana (D:4)
  Natasha (thrice) (D:2)
  3 worker ants
  A hound skeleton (D:4)
  Robin (D:3)
  2 adders
  An ooze (D:2)
  4 worms
  A dart slug (D:1)
  10 orcs
  3 ball pythons
  14 bats
  4 giant cockroaches
  16 goblins
  7 hobgoblins
  8 jackals
  8 kobolds
  2 quokkas
  4 giant newts
  8 rats
108 creatures vanquished.

Notes
Turn   | Place    | Note
--------------------------------------------------------------
     0 | D:1      | Arkorax the Formicid Fighter began the quest for the Orb.
     0 | D:1      | Reached XP level 1. HP: 18/18 MP: 1/1
   315 | D:1      | Reached XP level 2. HP: 18/24 MP: 2/2
   882 | D:1      | Reached XP level 3. HP: 30/30 MP: 3/3
  1084 | D:2      | Found a deep blue altar of Sif Muna.
  1094 | D:2      | Reached skill level 4 in Fighting
  1206 | D:2      | Reached XP level 4. HP: 37/37 MP: 4/4
  1246 | D:2      | Noticed Natasha
  1266 | D:2      | Killed Natasha
  1750 | D:2      | Noticed Natasha
  1762 | D:2      | Killed Natasha
  1762 | D:2      | Reached XP level 5. HP: 39/43 MP: 5/5
  1992 | D:2      | Noticed Natasha
  1999 | D:2      | Killed Natasha
  1999 | D:2      | Reached skill level 5 in Fighting
  2009 | D:3      | Found an iron altar of Okawaru.
  2009 | D:3      | Noticed Shredu92's ghost (amateur MfTm)
  2292 | D:3      | Found a white marble altar of Elyvilon.
  2569 | D:3      | Noticed Robin
  2583 | D:3      | Killed Robin
  2583 | D:3      | Reached XP level 6. HP: 42/51 MP: 6/6
  2615 | D:3      | Found a sacrificial altar of Ru.
  3038 | D:4      | Found a staircase to the Ecumenical Temple.
  3044 | D:4      | Reached skill level 5 in Shields
  3051 | Temple   | Entered the Ecumenical Temple
  3259 | D:4      | Found a shattered altar of Ashenzari.
  3259 | D:4      | Found an ancient bone altar of Kikubaaqudgha.
  3263 | D:4      | Became a worshipper of Ashenzari the Shackled
  3381 | D:4      | Found Aluarrex's Antique Weapon Boutique.
  3448 | D:4      | Reached skill level 6 in Fighting
  3448 | D:4      | Reached XP level 7. HP: 29/58 MP: 7/7
  3973 | D:4      | Found a bloodstained altar of Trog.
  3974 | D:4      | Found a blossoming altar of Fedhas.
  4025 | D:5      | Entered Level 5 of the Dungeon
  4092 | D:4      | Killed from afar by an orc priest

Vault maps used:
D:1:      lightli_arrival_farm, serial_park_tiny_1
D:2:      overflow_temple_1_default, uniq_natasha
D:3:      lemuel_doored_altar, nicolae_overflow_hidden_temple,
          marbit_many_paths, first_bread, uniq_robin
D:4:      gammafunk_temple_overflow_statue, gammafunk_temple_overflow_wave,
          minmay_temple_entry_junction2, serial_shops, shop
D:5:      kennysheep_mini_moat, uniq_eustachio
Temple:   nicolae_temple_hex_pool_5

Skill      XL: |  1  2  3  4  5  6 |
---------------+-------------------+-----
Fighting       | 4 5 6 |  6.4
Shields        | 4 5 |  5.5
Long Blades    | 3 4 |  4.8
Armour         | |  3.2

Action                   |  1- 3 |  4- 6 |  7- 9 || total
-------------------------+-------+-------+-------++-------
Melee: Long sword        |    45 |       |       ||    45
       Short sword       |    50 |   248 |    87 ||   385
 Abil: Dig               |       |     2 |     3 ||     5
  Use: Potion            |       |       |     2 ||     2
  Eat: Chunk             |     1 |     2 |       ||     3
       Meat ration       |       |     1 |       ||     1
       Bread ration      |       |     1 |       ||     1
